 Dungeon Crawl Stone Soup version 0.20-a0-550-gf70bbbc (webtiles) character file.

193 XO4YCPATb the Twirler (level 5, -4/38 HPs)
             Began as a Demonspawn Gladiator on Feb 2, 2017.
             Was a Follower of Dithmenos.
             Killed from afar by Torious's ghost (16 damage)
             ... with an orb of energy
             ... on level 3 of the Dungeon.
             The game lasted 00:04:50 (1998 turns).

XO4YCPATb the Twirler (Demonspawn Gladiator)        Turns: 1998, Time: 00:04:51

Health: -4/38      AC:  9    Str: 15    XL:     5   Next: 44%
Magic:  5/5        EV:  7    Int:  9    God:    Dithmenos [*.....]
Gold:   113        SH:  0    Dex: 17    Spells: 4/4 levels left

rFire    . . .     SeeInvis .   a - +0 quarterstaff
rCold    . . .     Gourm    .   y - +0 chain mail
rNeg     . . .     Faith    .   (shield currently unavailable)
rPois    .         Spirit   .   r - +0 helmet
rElec    .         Reflect  .   (no cloak)
rCorr    .         Harm     .   (no gloves)
MR       .....                  (no boots)
Stlth    +.........             (no amulet)
Regen    0.2/turn               (no ring)
                                m - +2 ring of dexterity

@: lethally poisoned (-4 -> -15), wreathed by umbra
A: nightstalker 2
a: Renounce Religion


You were on level 3 of the Dungeon.
You worshipped Dithmenos.
Dithmenos was aware of your devotion.
You were not hungry.

You visited 1 branch of the dungeon, and saw 3 of its levels.

You collected 113 gold pieces.

Inventory:

Hand Weapons
 a - a +0 quarterstaff (weapon)
Missiles
 d - a throwing net (quivered)
 q - 2 javelins of penetration
Armour
 b - a +0 leather armour
 c - a +0 helmet
 h - a +0 ring mail
 r - a +0 helmet (worn)
 y - a +0 chain mail (worn)
 B - a +0 buckler
Jewellery
 m - a +2 ring of dexterity (left hand)
Scrolls
 k - 2 scrolls of teleportation {unknown}
 n - 6 scrolls of identify {unknown}
 p - a scroll of enchant armour {unknown}
 s - a scroll of amnesia {unknown}
 u - a scroll of fear {unknown}
 v - a scroll of recharging {unknown}
 x - a scroll of enchant weapon {unknown}
 z - a scroll of immolation {unknown}
 A - 3 scrolls of remove curse {unknown}
 C - 2 scrolls of fog {unknown}
 D - a scroll of magic mapping {unknown}
Potions
 e - 2 potions of haste {unknown}
 g - 2 potions of agility {unknown}
 i - 3 potions of curing
 w - a potion of ambrosia {unknown}
Comestibles
 f - 2 bread rations
 j - 6 chunks of flesh
 l - a fruit
 o - a meat ration
 t - 2 royal jellies


   Skills:
 - Level 2.0 Fighting
 * Level 5.6 Staves
 - Level 1.7 Throwing
 - Level 2.6 Dodging


You had 4 spell levels left.
You didn't know any spells.

Dungeon Overview and Level Annotations

Branches:
Dungeon (3/15)

Altars:
Dithmenos

Annotations:
D:3 Torious's ghost, amateur DECj


Innate Abilities, Weirdness & Mutations

You are significantly more attuned to the shadows.


Message History

Torious's ghost is lightly damaged.
Torious's ghost closely misses you.
You hit Torious's ghost.
Torious's ghost is moderately damaged.
Torious's ghost hits you.
You are poisoned.
You barely miss Torious's ghost.
Torious's ghost is moderately damaged.
You feel sick.
Torious's ghost hits you but does no damage.
You are more poisoned.
You miss Torious's ghost.
Torious's ghost is moderately damaged.
You feel sick. Torious's ghost hits you.
Your chain mail prevents you from hitting Torious's ghost.
Torious's ghost is moderately damaged.
You feel sick. Torious's ghost casts a spell at you.
The orb of energy hits you!
You die...

#.##.# .# #.##.#
.# #.##.# .#
#.##.##.##
#.##.#...#
#)#....#.... #####
#)#..#...###
..#.!.###.#..##.##
....W@....).....#
.##...###.#.#####
##### #.#.# ..#.#
####.# .#


You could see Torious's ghost.

Vanquished Creatures
  An orc priest (D:3)
  An orc wizard (D:3)
  4 adders (D:2)
  A gnoll (D:1)
  3 oozes
  2 worms (D:2)
  3 dart slugs (D:2)
  3 leopard geckos
  3 orcs (D:3)
  A ball python (D:2)
  9 bats
  3 giant cockroaches
  3 goblins (D:2)
  4 hobgoblins
  5 jackals
  A quokka (D:2)
  4 frilled lizards
  10 kobolds
  3 rats
64 creatures vanquished.

Notes
Turn   | Place    | Note
-------+----------+-------------------------------------------
     0 | D:1      | XO4YCPATb the Demonspawn Gladiator began the quest for the Orb.
     0 | D:1      | Reached XP level 1. HP: 16/16 MP: 1/1
    92 | D:1      | Reached skill level 3 in Staves
   106 | D:1      | Gained mutation: You are slightly more attuned to the shadows. [demonic ancestry]
   106 | D:1      | Reached XP level 2. HP: 18/22 MP: 2/2
   417 | D:1      | Reached XP level 3. HP: 22/27 MP: 3/3
   571 | D:1      | Reached skill level 4 in Staves
   730 | D:2      | Found a shadowy altar of Dithmenos.
   760 | D:2      | Became a worshipper of Dithmenos the Shadowed
  1066 | D:2      | Gained mutation: You are significantly more attuned to the shadows. [demonic ancestry]
  1066 | D:2      | Reached XP level 4. HP: 33/33 MP: 4/4
  1568 | D:2      | Reached skill level 5 in Staves
  1674 | D:2      | Reached * piety under Dithmenos
  1794 | D:3      | Reached XP level 5. HP: 35/38 MP: 5/5
  1949 | D:3      | Noticed Torious's ghost (amateur DECj)
  1998 | D:3      | Killed from afar by Torious's ghost

Vault maps used:
D:1:      scummos_arrival_star
D:2:      kennysheep_six_static_rooms, grunt_dithmenos_smoke

Skill      XL: |  1  2  3  4 |
---------------+-------------+-----
Staves         | 3 4 5 |  5.6
Fighting       | |  2.0
Throwing       | |  1.7
Dodging        | |  2.6

Action                   |  1- 3 |  4- 6 || total
-------------------------+-------+-------++-------
Melee: Quarterstaff      |   104 |   125 ||   229
Throw: Throwing net      |     2 |       ||     2
  Use: Potion            |       |     2 ||     2
 Stab: Sleeping          |     5 |     4 ||     9
       Held in net/web   |     2 |       ||     2
  Eat: Chunk             |     1 |     3 ||     4
Armor: Ring mail         |    57 |    13 ||    70
       Chain mail        |       |    45 ||    45
Dodge: Dodged            |    78 |    51 ||   129
